 Dungeon Crawl Stone Soup version 0.25-a0-972-g74ed164fb1 (webtiles) character file.

Game seed: 17334570093967714085, levelgen mode: deterministic

117 Morrissey the Skirmisher (level 4, 0/41 HPs)
             Began as a Minotaur Fighter on May 9, 2020.
             Slain by an orc warrior
             ... wielding a +0 glaive
              (10 damage)
             ... on level 2 of the Dungeon.
             The game lasted 00:02:36 (1740 turns).

Morrissey the Skirmisher (Minotaur Fighter)         Turns: 1740, Time: 00:02:36

Health: 0/41       AC:  7    Str: 22    XL:     4   Next: 71%
Magic:  3/3        EV:  7    Int:  5    God:
Gold:   53         SH:  9    Dex:  9    Spells: 3/3 levels left

rFire    . . .     SeeInvis .   j - -2 flail (curse)
rCold    . . .     Gourm    .   c - +0 kite shield
rNeg     . . .     Faith    .   b - +0 scale mail
rPois    .         Spirit   .   (helmet restricted)
rElec    .         Reflect  .   (no cloak)
rCorr    .         Harm     .   (no gloves)
MR       .....                  (no boots)
Stlth    ..........             (no amulet)
HPRegen  0.13/turn              (no ring)
MPRegen  0.08/turn              (no ring)

@: mighty
A: retaliatory headbutt, horns 2
a: no special abilities


You were on level 2 of the Dungeon.
You were not hungry.

You visited 1 branch of the dungeon, and saw 3 of its levels.

You collected 53 gold pieces.

Inventory:

Hand Weapons
 a - a +0 long sword
 j - a cursed -2 flail (weapon)
Armour
 b - a +0 scale mail (worn)
 c - a +0 kite shield (worn)
Potions
 e - 5 potions of heal wounds {unknown}
 h - a potion of brilliance {unknown}
Comestibles
 f - 5 rations
 g - 3 chunks of flesh


   Skills:
 + Level 4.4 Fighting
 * Level 4.2 Long Blades
 + Level 4.3 Armour
 + Level 4.3 Shields


You had 3 spell levels left.
You didn't know any spells.
Your spell library was empty.

Dungeon Overview and Level Annotations

Branches:
Dungeon (3/15)

Altars:


Innate Abilities, Weirdness & Mutations

You reflexively headbutt those who attack you in melee.
You have a pair of horns on your head.


Message History

The magic dart hits you!
You feel very mighty all of a sudden.
The orc wizard points at you and mumbles some strange words.
The magic dart hits you.
The orc warrior hits you from afar with a +0 glaive.
The orc wizard hits you but does no damage.
Your shield prevents you from hitting the orc wizard.
You headbutt the orc wizard!
The orc wizard is heavily wounded.
The orc wizard barely misses you. You furiously retaliate!
You headbutt the orc wizard!
You kill the orc wizard!
The orc warrior hits you from afar with a +0 glaive!
* * * LOW HITPOINT WARNING * * *
The orc warrior barely misses you.
Things that are here:
a +0 dagger; a +0 robe; an orc corpse You closely miss the orc warrior.
Your headbutt misses the orc warrior.
The orc warrior hits you with a +0 glaive!
You die...

.......,,*
#........######**
#######,**
#..............,* #.*
#..............,* #.*
#..............,* #.*
#..............,* ###>##
#######'######***
#....###### #.#
*####....#....######÷#
,............ooo@....####
*........#....###...÷...#
*........#....# #.......#
*........#....# #.......#
*....oo..#....#
#.......#########
*........#....#
#................
*...oo...#....#
#................
,....#####....#
#................
,....',,,.....#
#.......#########


You could see an orc warrior and 2 orcs.

Vanquished Creatures
  An orc wizard (D:2)
  Natasha (D:2)
  3 adders (D:2)
  A leopard gecko (D:2)
  3 bats (D:1)
  A giant cockroach (D:2)
  3 goblins
  7 hobgoblins
  3 jackals (D:2)
  2 frilled lizards
  9 kobolds
  4 rats
38 creatures vanquished.

Notes
Turn   | Place    | Note
-------+----------+-------------------------------------------
     0 | D:1      | Morrissey the Minotaur Fighter began the quest for the Orb.
     0 | D:1      | Reached XP level 1. HP: 19/19 MP: 0/0
   293 | D:1      | Reached XP level 2. HP: 25/27 MP: 1/1
   931 | D:2      | Reached XP level 3. HP: 9/33 MP: 2/2
  1552 | D:2      | You fall into a shaft and drop 1 floor!
  1602 | D:2      | Noticed Natasha
  1608 | D:2      | Killed Natasha
  1608 | D:2      | Reached XP level 4. HP: 29/40 MP: 3/3
  1721 | D:2      | Noticed an orc warrior
  1740 | D:2      | Slain by an orc warrior

Illustrated notes

Levels and vault maps discovered:
D:1:      saegor_arrival_simple_b, layout_loops_ring
D:2:      layout_basic, uniq_natasha
D:3:      corexii_shack_village, layout_basic, minmay_misc_feat_diagonals,
          saegor_snake_ambush

Skill      XL: |  1  2  3  4 |
---------------+-------------+-----
Long Blades    | 3 4 |  4.2
Fighting       | 4 |  4.4
Armour         | 4 |  4.3
Shields        | 4 |  4.3

Action                   |  1- 3 |  4- 6 || total
-------------------------+-------+-------++-------
Melee: Long sword        |   115 |     6 ||   121
       Headbutt          |    10 |     4 ||    14
       Flail             |       |     4 ||     4
  Use: Scroll            |       |     1 ||     1
       Potion            |       |     1 ||     1
  Eat: Chunk             |     2 |     1 ||     3
Armor: Scale mail        |    51 |     2 ||    53
Dodge: Dodged            |    40 |     4 ||    44
Block: Kite shield       |    75 |     5 ||    80
       Rpst.: Long sword |    13 |       ||    13

Table legend:
 A = Non-vault XP
 B = Vault XP
 C = Vault XP percentage of total XP
 D = Non-vault monster count
 E = Vault monster count
 F = Vault count percentage of total count
                 A         B        C        D         E       F
            +---------+---------+-------+---------+---------+-------
      Total |     132 |      36 |  21.4 |      37 |       1 |   2.6
            +---------+---------+-------+---------+---------+-------
        D:1 |      30 |       0 |   0.0 |      21 |       0 |   0.0
        D:2 |     102 |      36 |  26.1 |      16 |       1 |   5.9
            +---------+---------+-------+---------+---------+-------
